 Dungeon Crawl Stone Soup version 0.28.0-43-g3370ac3207 (webtiles) character file.

Game seed: 3790179288310519702

81 sizableburger the Skirmisher (level 4, -2/31 HPs)
             Began as an Octopode Warper on Mar 11, 2022.
             Killed by nerve-wracking pain
             ... invoked by an orc priest
              (13 damage)
             ... on level 3 of the Dungeon.
             The game lasted 00:03:01 (1546 turns).

sizableburger the Skirmisher (Octopode Warper)      Turns: 1546, Time: 00:03:01

Health: -2/31      AC:  1    Str: 10    XL:     4   Next: 42%
Magic:  7/7        EV: 13    Int: 15    God:
Gold:   67         SH:  5    Dex: 13    Spells: 5/7 levels left

rFire   . . .      SeeInvis .   f - +0 war axe
rCold   . . .      Faith    .   (no shield)
rNeg    . . .      Spirit   .   (helmet restricted)
rPois   .          Reflect  +   d - amulet of reflection
rElec   .          Harm     .   (no ring)
rCorr   .          Rampage  .   (no ring)
Will    .....                   (no ring)
Stlth   ++........              (no ring)
HPRegen 0.10/turn               (no ring)
MPRegen 0.10/turn               (no ring)
                                (no ring)
                                (no ring)

@: no status effects
A: almost no armour, amphibious, 8 rings, camouflage 1, gelatinous body 1,
(nimble swimmer 1), tentacles
a: no special abilities


You were on level 3 of the Dungeon.
You visited 1 branch of the dungeon, and saw 3 of its levels.

You collected 67 gold pieces.

Inventory:

Hand Weapons
 a - a +0 spear
 f - a +0 war axe (weapon)
Missiles
 c - 5 boomerangs of dispersal (quivered)
 e - a throwing net
Jewellery
 d - an amulet of reflection (around mantle)
Scrolls
 b - a scroll of blinking
 i - a scroll of vulnerability
Potions
 h - a potion of lignification {unknown}
 j - a potion of attraction {unknown}


   Skills:
 + Level 3.4 Fighting
 + Level 1.5(2.4) Axes
 - Level 2.8(3.0) Polearms
 - Level 1.0 Throwing
 - Level 2.3 Dodging
 - Level 2.0 Spellcasting
 - Level 3.0 Translocations


You had 5 spell levels left.
You knew the following spells:

 Your Spells              Type           Power      Damage    Failure   Level
a - Blink                 Tloc           20%        N/A       10%         2

Your spell library contained the following spells:

 Spells                   Type           Power      Damage    Failure   Level
 Gell's Gravitas          Tloc           10%        N/A       19%         3
 Lesser Beckoning         Tloc           10%        N/A       19%         3
 Teleport Other           Tloc           10%        N/A       19%         3
 Manifold Assault         Tloc           10%        N/A       87%         5


Dungeon Overview and Level Annotations

Branches:
Dungeon (3/15)

Altars:
The Shining One

Shops:
D:1 *


Innate Abilities, Weirdness & Mutations

You cannot wear most types of armour.
You are amphibious.
You can wear up to eight rings at the same time.
Your skin changes colour to match your surroundings (Stealth+).
Your rubbery body absorbs attacks. (AC +1, EV +1)
((You are camouflaged when in or above water. (Stealth+)))
You have tentacles for arms and can constrict up to eight enemies at once.


Message History

The orc wizard barely misses you.
Unknown command.
You bump into the rock wall.
The orc wizard hits you with a +0 dagger.
The orc priest calls upon Beogh to heal the orc wizard.
The orc wizard is healed somewhat.
Unknown command.
You are too confused!
Unknown command.
Okay, then.
You feel better. The orc wizard misses you.
Okay, then.
You slash the orc wizard!
You kill the orc wizard!
You block the bat's attack.
You have reached level 4!
You hit the orc. Your grab misses the orc.
The orc is heavily wounded.
You block the orc's attack.
You slash the orc!
You kill the orc!
The bat misses you. You block the bat's attack.
The orc priest closely misses you.
Items here: ))) [ †.
Unknown command.
The orc priest blocks your attack.
You grab the orc priest. The orc priest blocks your attack.
You constrict the orc priest. The bat barely misses you.
The orc priest hits you with a +0 club. The orc priest blocks your attack.
You squeeze the orc priest, but do no damage.
The orc priest is lightly wounded.
You constrict the orc priest. The bat hits you.
The orc priest closely misses you. The orc priest hits you with a +0 club.
Unknown command.
The orc priest blocks your attack.
The orc priest is moderately wounded.
You constrict the orc priest. The bat hits you.
The orc priest calls down the wrath of Beogh upon you.
Pain shoots through your body!
You die...

#..# #.(### #
##...#..
#####......#
.........#.#
.........###.
#.ob....... #@# #.#
#.# #.# #.# #.# #.#
########## #.#
.........#######.##


You could see an orc priest and a bat.

Vanquished Creatures
  An orc wizard (D:3)
  An adder (D:2)
  2 dart slugs
  2 orcs (D:3)
  2 endoplasms (D:1)
  3 giant cockroaches (D:1)
  6 goblins
  2 hobgoblins
  5 kobolds
  2 quokkas
  2 ball pythons (D:2)
  4 bats
  3 frilled lizards (D:1)
  6 rats
41 creatures vanquished.

Notes
Turn   | Place    | Note
-------+----------+-------------------------------------------
     0 | D:1      | sizableburger the Octopode Warper began the quest for the
                  | Orb.
     0 | D:1      | Reached XP level 1. HP: 14/14 MP: 3/3
   116 | D:1      | Reached XP level 2. HP: 19/19 MP: 5/5
   650 | D:1      | Found Qobreafo's General Store.
   660 | D:1      | Reached XP level 3. HP: 24/25 MP: 6/6
   750 | D:2      | Found a faded altar of an unknown god.
   756 | D:2      | Learned a level 2 spell: Blink
   903 | D:2      | Found a glowing golden altar of the Shining One.
  1530 | D:3      | Identified the amulet "Nupy" {Reflect rF+ SH+5}
  1533 | D:3      | Reached skill level 1 in Axes
  1541 | D:3      | Reached XP level 4. HP: 22/31 MP: 7/7
  1546 | D:3      | Killed from afar by an orc priest

Illustrated notes

Levels and vault maps discovered:
D:1:      nicolae_arrival_somewhat_less_tricky_arrival, layout_rooms,
          serial_shops, nicolae_shop_temple_entry_statues_fountains,
          minmay_crystal_water
D:2:      layout_rooms, basic_ecumenical_altar, basic_altar, grunt_decor_cap
D:3:      layout_loops_corners, lemuel_coloured_pillars_altar

Skill      XL: |  1  2  3 |
---------------+----------+-----
Fighting       | 3 |  3.4
Axes           | 1 |  1.5
Polearms       | |  2.8
Throwing       | |  1.0
Dodging        | |  2.3
Spellcasting   | |  2.0
Translocations | |  3.0

Action                   |  1- 3 |  4- 6 || total
-------------------------+-------+-------++-------
Melee: Spear             |    49 |       ||    49
       Constrict         |    17 |     1 ||    18
       Tentacles         |    12 |     1 ||    13
       War axe           |    36 |     5 ||    41
       Punch             |     1 |       ||     1
  Use: Scroll            |     2 |       ||     2
       Potion            |     1 |       ||     1
 Stab: Sleeping          |     8 |       ||     8
Armor: Skin              |     2 |       ||     2
Dodge: Dodged            |    38 |     4 ||    42
Block: Other             |     5 |     2 ||     7
